 Dungeon Crawl Stone Soup version 0.28-b1-1-g3c77fb2ed1 (console) character file.

Game seed: 5691943437912907586

11193 MathTutor the Nimble (level 11, -20/101 HPs)
             Began as a Demigod Hedge Wizard on Jan 30, 2022.
             Demolished by a skeletal warrior (33 damage)
             ... led by a skeletal warrior
             ... on level 10 of the Dungeon.
             The game lasted 00:53:27 (16093 turns).

MathTutor the Nimble (Demigod Hedge Wizard)        Turns: 16093, Time: 00:53:28

Health: -20/101    AC:  6    Str: 11    XL:     11   Next: 22%
Magic:  13/22      EV: 17    Int: 28    God:
Gold:   299        SH:  0    Dex: 13    Spells: 6/20 levels left

rFire   . . .      SeeInvis .   a - +6 great sword (vorpal)
rCold   . . .      Faith    .   (shield currently unavailable)
rNeg    . . .      Spirit   .   b - +0 robe
rPois   +          Reflect  .   K - +0 helmet
rElec   .          Harm     .   J - scarf {repulsion}
rCorr   .          Rampage  .   B - +0 pair of gloves of Xom's Supremacy {rPois Stlth+}
Will    +....                   s - +1 pair of boots
Stlth   +++.......              (no amulet)
HPRegen 0.26/turn               D - ring of poison resistance
MPRegen 0.18/turn               (no ring)

@: about to teleport, repel missiles
A: high mp 1, forlorn, divine attributes
a: no special abilities


You were on level 10 of the Dungeon.
You visited 2 branches of the dungeon, and saw 12 of its levels.
You also visited: Sewer.

You collected 439 gold pieces.
You spent 140 gold pieces at shops.

Inventory:

Hand Weapons
 a - a +6 vorpal great sword (weapon)
 E - a +1 short sword of venom
Missiles
 g - 259 stones
 i - 26 poisoned darts
 m - 3 boomerangs
Armour
 b - a +0 robe (worn)
 c - a +0 hat
 s - a +1 pair of boots (worn)
 B - the +0 pair of gloves of Xom's Supremacy (worn) {rPois Stlth+}
   (You found it on level 6 of the Dungeon)

   rPois:     It protects you from poison.
   Stlth:     It makes you more stealthy.
 J - a scarf of repulsion (worn)
 K - a +0 helmet (worn)
 M - a +0 ring mail
Jewellery
 D - a ring of poison resistance (left hand)
Wands
 v - a wand of polymorph (13)
Scrolls
 f - a scroll of enchant armour
 h - 4 scrolls of identify
 j - a scroll of fear
 l - 2 scrolls of noise
 q - a scroll of vulnerability
 r - 3 scrolls of magic mapping
 u - 3 scrolls of teleportation
 y - a scroll of immolation
 H - a scroll of blinking
Potions
 d - 3 potions of curing
 e - a potion of ambrosia
 k - 5 potions of haste
 n - 4 potions of mutation
 o - 2 potions of cancellation
 p - 3 potions of resistance
 x - 4 potions of attraction
 z - 2 potions of might
 A - 3 potions of heal wounds
 C - a potion of invisibility
 G - a potion of lignification
 L - a potion of flight


   Skills:
 - Level 10.9 Fighting
 - Level 2.4 Throwing
 - Level 11.1 Dodging
 - Level 3.0 Stealth
 + Level 5.2 Spellcasting
 + Level 8.6 Conjurations
 - Level 0.8 Summonings
 - Level 2.0 Necromancy
 + Level 1.8 Translocations
 * Level 1.9 Fire Magic


You had 6 spell levels left.
You knew the following spells:

 Your Spells              Type           Power      Damage    Failure   Level
a - Magic Dart            Conj           100%       1d8       1%          1
b - Blink                 Tloc           34%        N/A       4%          2
c - Mephitic Cloud        Conj/Pois/Air  23%        N/A       6%          3
d - Conjure Flame         Conj/Fire      37%        6-21      2%          3
e - Animate Skeleton      Necr           36%        N/A       3%          1
f - Sticky Flame          Conj/Fire      37%        2d6       8%          4

Your spell library contained the following spells:

 Spells                   Type           Power      Damage    Failure   Level
 Static Discharge         Conj/Air       31%        N/A       1%          2
 Pain                     Necr           72%        1d7       3%          1
 Slow                     Hex            28%        N/A       7%          1
 Call Imp                 Summ           12%        N/A       7%          2
 Vampiric Draining        Necr           18%        2d7       9%          3
 Confusing Touch          Hex            7%         N/A       21%         3
 Dispel Undead            Necr           18%        3d11      28%         4
 Yara's Violent Unravell  Hex/Tmut       3%         3d4       88%         5
 Enfeeble                 Hex            3%         N/A       100%        7


Dungeon Overview and Level Annotations

Branches:
Dungeon (11/15)            Temple (1/1) D:6            Lair (0/6) D:10
  Sewer (visited)
    Orc: D:9-12

Shops:
D:1 ?   D:10 !?=

Annotations:
D:2 exclusion: adder
D:3 Terence
D:4 exclusions: adder, black bear and iguana
D:5 Dowan, Duvessa
D:8 exclusion: ice beast, Gastronok
D:9 1 runed translucent door, KamiKatze's ghost, journeyman MiBe; Psyche
D:11 exclusion: boulder beetle, Fannar


Innate Abilities, Weirdness & Mutations

You have an increased reservoir of magic. (+10% MP)
You shall have no god before yourself.
Your divine heritage dramatically boosts your attributes as you level up.


Message History

Okay, then.
Unknown command.
Press: ? - help, v - describe, . - travel
Here: a skeletal warrior, wielding a +0 war axe (flame, lightly damaged, covered in liquid flames)
An open door.
Unknown command.
Unknown command.
You hit the skeletal warrior.
The skeletal warrior is moderately damaged.
The skeletal warrior burns!
The skeletal warrior barely misses you.
The skeletal warrior hits you from afar with a +0 glaive.
The skeletal warrior is engulfed in blazing flames.
The skeletal warrior hits you with a +0 war axe.
Unknown command.
You hit the skeletal warrior.
The skeletal warrior is severely damaged.
The skeletal warrior burns! x2; The skeletal warrior stops burning.
The skeletal warrior completely misses you.
The skeletal warrior is engulfed in blazing flames.
Unknown command.
You hit the skeletal warrior but do no damage.
The skeletal warrior is almost destroyed.
The skeletal warrior hits you from afar with a +0 glaive!
The skeletal warrior hits you but does no damage.
The skeletal warrior hits you from afar with a +0 glaive!
The skeletal warrior hits you with a +0 war axe!
You hit the skeletal warrior but do no damage.
The skeletal warrior is severely damaged.
The skeletal warrior completely misses you.
The skeletal warrior hits you with a +0 war axe!!
* * * LOW HITPOINT WARNING * * *
The skeletal warrior misses you. x2
The skeletal warrior barely misses you.
The skeletal warrior is engulfed in blazing flames.
As you read the scroll of teleportation, it crumbles to dust.
You feel strangely unstable.
The skeletal warrior hits you with a +0 war axe!
* * * LOW HITPOINT WARNING * * *
The skeletal warrior hits you from afar with a +0 glaive!!
You die...

##### #.........#####+####### *
#........## *,*** * ######'###
*,,,**** * #..# ***,,,,* *** ##)#
*****#***+** ,,* #.# *,,,..,,,,,*
*+*** ########'## *,,...,,,,,*
,,,,* **#.........# *,....,,,,,*
,,,,* *,'......@z.###.....,,,,,*
,,,,* **,#.........#.'.....,,,*,*
,,,,***,,#........z§.#,,,,,,,,,,*
,,,,*,,,*#.........###,,,,,,*,∩,*
,,,,+,***#.........# *,,,,,,,,,,*
,,>,*** #.........# *,,,,,,,,*,*
,,,,* #.........# *,,,,,,,>,,*
,,,,* ########### *,,,,,,,,,,*
***** ************


You could see 2 skeletal warriors.

Vanquished Creatures
  A two-headed ogre (D:9)
  Sonja (D:10)
  A skeletal warrior (D:10)
  A cyclops (D:9)
  Joseph (D:8)
  A troll (D:9)
  Prince Ribbit (D:8)
  6 yaks (D:7)
  A steam dragon (D:10)
  2 water moccasins
  2 ice beasts (D:6)
  An orc warrior (D:10)
  A black bear (D:7)
  A necrophage (D:5)
  6 centaurs
  2 phantoms
  3 kobold brigands
  4 bullfrogs
  3 scorpions
  A wyvern skeleton (D:7)
  5 wights
  2 centaur zombies (D:9)
  3 bullfrog zombies
  A jelly (D:5)
  5 hounds
  4 orc wizards
  3 iguanas
  A hound skeleton (D:4)
  A howler monkey skeleton (D:7)
  6 adders
  A white imp (D:7)
  3 ufetubi
  An adder skeleton (D:4)
  A worm (D:4)
  2 dart slugs
  11 orcs
  11 endoplasms
  4 giant cockroaches
  5 goblins
  6 hobgoblins
  3 jackals (D:4)
  22 kobolds
  5 quokkas
  12 ball pythons
  6 bats
  6 frilled lizards
  5 rats
175 creatures vanquished.

Vanquished Creatures (others)
  An orc wizard (D:5)
  A plant (Sewer)
  5 toadstools (D:1)
7 creatures vanquished.

Grand Total: 182 creatures vanquished

Notes
Turn   | Place    | Note
-------+----------+-------------------------------------------
     0 | D:1      | MathTutor the Demigod Hedge Wizard began the quest for the
                  | Orb.
     0 | D:1      | Reached XP level 1. HP: 14/14 MP: 6/6
    53 | D:1      | Reached skill level 1 in Conjurations
   438 | D:1      | Found Yriborei's Magic Scroll Emporium.
   527 | D:1      | Reached XP level 2. HP: 17/20 MP: 4/8
  1063 | D:1      | You fall into a shaft and drop 1 floor!
  1458 | D:2      | Reached XP level 3. HP: 26/26 MP: 3/9
  2277 | D:2      | Learned a level 2 spell: Blink
  2281 | D:2      | Learned a level 3 spell: Mephitic Cloud
  2912 | D:3      | Reached XP level 4. HP: 33/33 MP: 6/10
  3010 | D:3      | Found a glowing drain.
  3021 | Sewer    | Entered a sewer
  3303 | Sewer    | Noticed a kobold brigand
  3303 | Sewer    | Noticed a kobold brigand
  3325 | Sewer    | Killed a kobold brigand
  3326 | Sewer    | Reached XP level 5. HP: 34/38 MP: 3/11
  3393 | Sewer    | Reached skill level 5 in Conjurations
  3776 | D:3      | Noticed Terence
  4759 | D:4      | Noticed a black bear
  5139 | D:4      | Reached XP level 6. HP: 36/45 MP: 2/13
  5550 | D:5      | Entered Level 5 of the Dungeon
  5632 | D:5      | Noticed Duvessa
  5848 | D:5      | Learned a level 3 spell: Conjure Flame
  6284 | D:5      | Noticed Dowan
  6473 | D:5      | Reached XP level 7. HP: 45/50 MP: 6/14
  6782 | D:5      | Reached skill level 8 in Dodging
  6782 | D:5      | Reached XP level 8. HP: 19/74 MP: 2/15
  6783 | D:5      | Reached skill level 9 in Dodging
  6783 | D:5      | Reached XP level 9. HP: 22/84 MP: 2/19
  6784 | D:5      | Reached skill level 10 in Fighting
  6784 | D:5      | Reached skill level 11 in Dodging
  6784 | D:5      | Reached XP level 10. HP: 25/94 MP: 2/20
  7800 | D:6      | Identified the +0 pair of gloves of Xom's Supremacy {rPois
                  | Stlth+}
  7849 | D:6      | Found a staircase to the Ecumenical Temple.
  7855 | Temple   | Entered the Ecumenical Temple
  9157 | D:7      | Reached skill level 1 in Throwing
 10187 | D:7      | Learned a level 1 spell: Animate Skeleton
 10799 | D:8      | Noticed Joseph
 10813 | D:8      | Killed Joseph
 11570 | D:7      | Reached skill level 1 in Necromancy
 12192 | D:8      | Noticed Prince Ribbit
 12205 | D:8      | Killed Prince Ribbit
 12716 | D:8      | Noticed Gastronok
 13049 | D:9      | Noticed a cyclops
 13095 | D:9      | Killed a cyclops
 13269 | D:9      | Noticed a two-headed ogre
 13281 | D:9      | Killed a two-headed ogre
 13282 | D:9      | Reached skill level 5 in Spellcasting
 13282 | D:9      | Reached XP level 11. HP: 25/101 MP: 7/22
 14035 | D:9      | Noticed Psyche
 14229 | D:9      | Reached skill level 1 in Translocations
 14430 | D:9      | Learned a level 4 spell: Sticky Flame
 14623 | D:9      | Found a runed translucent door.
 14624 | D:9      | Noticed KamiKatze's ghost (journeyman MiBe)
 14715 | D:10     | Entered Level 10 of the Dungeon
 14805 | D:10     | Found Yngiag's Distillery.
 14814 | D:10     | Bought a potion of curing for 45 gold pieces
 14814 | D:10     | Bought a potion of might for 60 gold pieces
 14935 | D:10     | Noticed Sonja
 14948 | D:10     | Killed Sonja
 14949 | D:10     | Reached skill level 1 in Fire Magic
 15282 | D:10     | Found Vomikhus's Magic Scroll Shoppe.
 15285 | D:10     | Found Nanuqof's Jewellery Shop.
 15290 | D:10     | Bought a scroll of fear for 35 gold pieces
 15443 | D:10     | Found a staircase to the Lair.
 15468 | D:10     | Noticed a skeletal warrior
 15468 | D:10     | Noticed a skeletal warrior
 15502 | D:10     | Noticed a skeletal warrior
 15552 | D:11     | Noticed a boulder beetle
 15556 | D:11     | Noticed Fannar
 15922 | D:10     | Killed a skeletal warrior
 16093 | D:10     | Demolished by a skeletal warrior

Illustrated notes

Levels and vault maps discovered:
D:1:      ldierk_walled_garden, layout_basic,
          hellmonk_ecumenical_altar_arch_garden, serial_shops, shop
D:2:      layout_rooms, minmay_unequal
D:3:      layout_loops_ring, portal_sewer_entry_d, dk_noncrumbling_2,
          uniq_terence
D:4:      layout_basic, minmay_quantized
D:5:      layout_basic, uniq_duvessa
D:6:      layout_gridville, minmay_temple_entry_fiery
D:7:      layout_basic, chequers_temple_overflow_statue_of_worship,
          serial_rivers, chequers_serial_rivers_large_b,
          chequers_serial_rivers_marsh, chequers_serial_rivers_marsh,
          chequers_serial_rivers_micro_e, chequers_serial_rivers_small_b,
          chequers_serial_rivers_room_a
D:8:      layout_layer_cave, gammafunk_temple_overflow_elements, uniq_joseph,
          uniq_prince_ribbit1, uniq_gastronok
D:9:      layout_loops_corners, ebering_ghost_reflecting_pool,
          due_unseen_surprise, uniq_psyche
D:10:     layout_roguey, lair_entry_dummy, serial_shops, nicolae_shop_stone,
          nicolae_stop_n_shop_2, nicolae_shop_stone, shop, shop,
          biasface_ghost_orc_armoury, uniq_sonja
D:11:     layout_irregular_city, uniq_fannar, uniq_urug
Temple:   regret_index_temple_sphere_string

Skill      XL: |  1  2  3  4  5  6  7  8  9 10 11 |
---------------+----------------------------------+-----
Conjurations   | 1 2 3 4 5 7 8 |  8.6
Fighting       | 7 9 10 | 10.9
Dodging        | 8 9 11 | 11.1
Spellcasting   | 4 5 |  5.2
Throwing       | 2 |  2.4
Stealth        | 3 |  3.0
Necromancy     | 1 2 |  2.0
Translocations | 1 |  1.8
Fire Magic     | 1 |  1.9
Summonings     | |  0.8

Action                   |  1- 3 |  4- 6 |  7- 9 | 10-12 || total
-------------------------+-------+-------+-------+-------++-------
Melee: Dagger            |     2 |    14 |       |       ||    16
       Short sword       |       |       |       |    34 ||    34
       Punch             |       |       |       |     1 ||     1
       Great sword       |       |       |       |    10 ||    10
Throw: Dart              |       |     5 |       |     9 ||    14
 Cast: Magic Dart        |   128 |   160 |    18 |   433 ||   739
       Mephitic Cloud    |       |     3 |     1 |    21 ||    25
       Conjure Flame     |       |       |       |    15 ||    15
       Sticky Flame      |       |       |       |     2 ||     2
  Use: Potion            |       |     1 |     3 |     1 ||     5
       Scroll            |       |       |       |    22 ||    22
 Stab: Confused          |       |     1 |       |     5 ||     6
       Sleeping          |       |       |       |     2 ||     2
Armor: Robe              |     3 |     6 |       |    34 ||    43
Dodge: Dodged            |    20 |    43 |       |   227 ||   290
